 Dungeon Crawl Stone Soup version 0.27-a0-46-g34d46f0a3f (webtiles) character file.

Game seed: 15478264886647983867

276 Borgoz the Cutter (level 6, -2/42 HPs)
             Began as a Halfling Gladiator on Jan 6, 2021.
             Killed from afar by an orc wizard (6 damage)
             ... with a puff of frost
             ... on level 3 of the Dungeon.
             The game lasted 00:03:38 (2684 turns).

Borgoz the Cutter (Halfling Gladiator)              Turns: 2684, Time: 00:03:38

Health: -2/42      AC:  6    Str: 15    XL:     6   Next: 50%
Magic:  6/6        EV: 15    Int:  6    God:
Gold:   170        SH:  5    Dex: 18    Spells: 5/5 levels left

rFire    . . .     SeeInvis .   q - -3 short sword (curse)
rCold    . . .     Faith    .   c - +0 buckler
rNeg     + . .     Spirit   .   m - +0 ring mail
rPois    .         Reflect  .   p - +0 helmet
rElec    .         Harm     .   (no cloak)
rCorr    .         Rampage  .   (no gloves)
Will     .....                  (no boots)
Stlth    +.........             i - amulet of the acrobat
HPRegen  0.14/turn              e - ring of positive energy
MPRegen  0.10/turn              (no ring)

@: flying, hasted (expiring), very quick
A: small, mutation resistance 1
a: no special abilities


You were on level 3 of the Dungeon.
You visited 1 branch of the dungeon, and saw 3 of its levels.

You collected 170 gold pieces.

Inventory:

Hand Weapons
 a - a +0 rapier
 q - a cursed -3 short sword (weapon)
Missiles
 d - a throwing net (quivered)
Armour
 c - a +0 buckler (worn)
 m - a +0 ring mail (worn)
 p - a +0 helmet (worn)
Jewellery
 e - a ring of positive energy (left hand)
 i - an amulet of the acrobat (around neck)
 n - an uncursed amulet of faith {unknown}
Wands
 g - a wand of random effects (21)
Scrolls
 b - 4 scrolls of teleportation
Potions
 j - 3 potions of brilliance


   Skills:
 + Level 3.2 Fighting
 + Level 5.2 Short Blades
 - Level 2.0 Throwing
 + Level 3.0 Armour
 + Level 4.6 Dodging


You had 5 spell levels left.
You didn't know any spells.
Your spell library was empty.

Dungeon Overview and Level Annotations

Branches:
Dungeon (3/15)

Altars:


Innate Abilities, Weirdness & Mutations

You are small and have problems with some larger weapons.
You are somewhat resistant to further mutation.


Message History

You hit the orc wizard but do no damage.
The orc wizard is heavily wounded.
You hit the orc wizard.
The orc wizard is heavily wounded.
The orc wizard casts a spell at you.
The magic dart hits you but does no damage.
You hit the orc wizard but do no damage.
The orc wizard is heavily wounded.
The orc wizard gestures at you while chanting.
The puff of flame hits you!
* * * LOW HITPOINT WARNING * * *
You closely miss the orc wizard.
The orc wizard is heavily wounded.
A hobgoblin comes into view. It is wielding a +0 club.
You closely miss the orc wizard.
The orc wizard is heavily wounded.
The hobgoblin shouts!
The orc wizard casts a spell at you. The puff of frost hits you.
You die...

.#.....†.##.##.....#
†....##)††###..#.#..#
.....###).##..##.# .#
####.# #..###.(### .#
#.....##.##..# #
#.....#.g#.#..### .#
##.....#......##.# ..#
.........####..#)#...#
##.... ### ##..@o...#
#.... ######.## ###.


You could see an orc wizard and a hobgoblin.

Vanquished Creatures
  2 orc priests (D:3)
  Jessica (D:2)
  Natasha (twice) (D:2)
  Robin (D:2)
  3 adders
  2 oozes
  3 worms (D:3)
  2 dart slugs
  2 leopard geckos (D:3)
  5 orcs (D:3)
  7 giant cockroaches
  12 goblins
  8 hobgoblins
  2 jackals (D:3)
  6 bats
  3 frilled lizards
  11 kobolds
  7 rats
79 creatures vanquished.

Notes
Turn   | Place    | Note
-------+----------+-------------------------------------------
     0 | D:1      | Borgoz the Halfling Gladiator began the quest for the Orb.
     0 | D:1      | Reached XP level 1. HP: 14/14 MP: 1/1
   118 | D:1      | Reached XP level 2. HP: 13/19 MP: 2/2
   351 | D:1      | Reached skill level 1 in Armour
   427 | D:1      | Reached skill level 4 in Short Blades
   433 | D:1      | Reached XP level 3. HP: 22/24 MP: 3/3
  1112 | D:2      | Reached XP level 4. HP: 30/30 MP: 4/4
  1301 | D:2      | Noticed Natasha
  1314 | D:2      | Killed Natasha
  1523 | D:2      | Noticed Jessica
  1529 | D:2      | Killed Jessica
  1530 | D:2      | Reached XP level 5. HP: 35/35 MP: 5/5
  1680 | D:2      | Noticed Natasha
  1691 | D:2      | Killed Natasha
  1802 | D:2      | Noticed Robin
  1823 | D:2      | Killed Robin
  2356 | D:3      | Reached XP level 6. HP: 39/41 MP: 6/6
  2482 | D:3      | Reached skill level 5 in Short Blades
  2684 | D:3      | Killed from afar by an orc wizard

Illustrated notes

Levels and vault maps discovered:
D:1:      matt_arrival_diagonals, layout_loops_ring,
          chequers_serial_rivers_micro_e, kennysheep_doodads
D:2:      layout_loops_ring, chequers_serial_rivers_micro_a, uniq_jessica,
          uniq_natasha, uniq_robin
D:3:      layout_loops_ring, minmay_between

Skill      XL: |  1  2  3  4  5  6 |
---------------+-------------------+-----
Fighting       | 2 3 |  3.2
Armour         | 1 2 3 |  3.0
Short Blades   | 4 5 |  5.2
Dodging        | 4 |  4.6
Throwing       | |  2.0

Action                   |  1- 3 |  4- 6 || total
-------------------------+-------+-------++-------
Melee: Rapier            |   113 |   168 ||   281
       Short sword       |       |    64 ||    64
Throw: Throwing net      |       |     3 ||     3
  Use: Scroll            |     2 |     2 ||     4
       Potion            |     1 |     6 ||     7
 Stab: Held in net/web   |       |     2 ||     2
Armor: Leather armour    |     6 |       ||     6
       Ring mail         |    11 |    62 ||    73
Dodge: Dodged            |   103 |   154 ||   257
Block: Buckler           |       |    22 ||    22

Table legend: (Time is in decaauts)
 A = Elapsed time spent in this place.
 B = Non-inter-level travel time spent in this place.
 C = Inter-level travel time spent in this place.
 D = Time resting spent in this place.
 E = Time spent auto-exploring this place.
 F = Levels seen in this place.
 G = Mean time per level.
                   A        B        C        D        E       F      G
               +--------+--------+--------+--------+--------+-----+--------+
         Total |   2651 |   2594 |     57 |    263 |   1719 |   3 |  883.7 |
       Dungeon |   2651 |   2594 |     57 |    263 |   1719 |   3 |  883.7 |
               +--------+--------+--------+--------+--------+-----+--------+

Top non-repeatable levels by time:
     D:2: 1122 daAuts
     D:1: 965 daAuts
     D:3: 564 daAuts
